 Dungeon Crawl Stone Soup version 0.31.0-11-ge490571c62 (webtiles) character file.

Game seed: 3732069990003636431

546 browni3141 the Chopper (level 7, -3/61 HPs)
             Began as a Minotaur Fighter on Jan 29, 2024.
             Slain by Pikel
             ... wielding a +2 whip of freezing
              (6 damage)
             ... on level 4 of the Dungeon.
             The game lasted 00:01:59 (3619 turns).

browni3141 the Chopper (Minotaur Fighter)           Turns: 3619, Time: 00:02:00

Health: -3/61      AC:  9    Str: 23    XL:     7   Next: 6%
Magic:  0/6        EV:  9    Int:  5    God:
Gold:   178        SH:  4    Dex:  9    Spells: 6/6 levels left

rFire   + . .        a - +0 war axe
rCold   . . .        c - +0 buckler
rNeg    . . .        t - +2 scale mail {rF+}
rPois   .            (helmet restricted)
rElec   .            (no cloak)
rCorr   .            (no gloves)
SInv    .            (no boots)
Will    .....        r - amulet of guardian spirit Stlth
                     (no ring)
HPRegen 0.30/turn    (no ring)
MPRegen 0.10/turn

%: guardian spirit
@: mighty
A: horns 2, retaliatory headbutt
a: no special abilities


You were on level 4 of the Dungeon.
You visited 1 branch of the dungeon, and saw 4 of its levels.
You also visited: Sewer.

You collected 178 gold pieces.

Inventory:

Hand Weapons
 a - a +0 war axe (weapon)
Missiles
 e - 4 boomerangs (quivered)
Armour
 b - a +0 scale mail
 c - a +0 buckler (worn)
 t - a +2 scale mail of fire resistance (worn)
Jewellery
 r - an amulet of guardian spirit (around neck)
 A - a ring of willpower
Wands
 j - a wand of flame (28)
 s - a wand of polymorph (5)
Scrolls
 f - 2 scrolls of summoning {unknown}
 i - 3 scrolls of identify {unknown}
 n - a scroll of torment {unknown}
 q - 2 scrolls of teleportation {unknown}
 u - a scroll of fog {unknown}
 v - a scroll of blinking {unknown}
 y - a scroll of revelation {unknown}
 z - a scroll of poison {unknown}
Potions
 d - 2 potions of might
 g - 4 potions of degeneration {unknown}
 h - 2 potions of resistance {unknown}
 k - 2 potions of enlightenment {unknown}
 l - a potion of attraction {unknown}
 m - a potion of brilliance {unknown}
 o - a potion of cancellation {unknown}
 p - 3 potions of curing {unknown}
 w - 2 potions of heal wounds {unknown}
 x - a potion of haste {unknown}


   Skills:
 + Level 5.3 Fighting
 * Level 6.2 Axes
 + Level 5.4 Armour
 + Level 5.3 Shields


You had 6 spell levels left.
You didn't know any spells.
Your spell library was empty.

Dungeon Overview and Level Annotations

Branches:
Dungeon (4/15)              Sewer (visited)
 Temple: D:4-7

Altars:
Cheibriados
Fedhas
Hepliaklqana
Okawaru
Uskayaw

Shops:
D:2 :

Annotations:
D:4 Pikel


Innate Abilities, Weirdness & Mutations

You have a pair of horns on your head.
You reflexively headbutt those who attack you in melee.


Message History

An orc is nearby!
You barely miss the orc. You block the orc's attack.
An orc is nearby!
You closely miss the orc. You headbutt the orc!
The orc is almost dead.
The orc barely misses you. You furiously retaliate!
You headbutt the orc.
You kill the orc!
No target in view!
A - a ring of willpower
Things that are here:
a +0 club; an orc corpse No target in view!
No target in view!
p - 3 white potions (gained 1) Key pressed, stopping explore.
No target in view!
Pikel and a lemure come into view.
Pikel is wielding a +2 whip of freezing.
Pikel shouts!
A lemure comes into view. x3
Pikel moves out of view.
The lemure moves out of view.
Found a scroll labelled WEG NUTHUN and 18 gold pieces.
Found a snail-covered altar of Cheibriados.
The lemure shouts!
Pikel barely misses you.
There are monsters nearby!
You miss Pikel. You headbutt Pikel.
Pikel is lightly wounded.
You hit the lemure.
Pikel hits you with a +2 whip of freezing!
Pikel freezes you. The lemure hits you.
You hit Pikel. Your headbutt misses Pikel.
Pikel is lightly wounded.
You closely miss the lemure. Pikel hits you but does no damage.
The lemure hits you.
There are monsters nearby!
You barely miss Pikel.
Pikel is lightly wounded.
You slash the lemure! Pikel hits you but does no damage.
The lemure barely misses you.
There are monsters nearby!
You barely miss the lemure. Your headbutt misses the lemure.
The lemure is heavily wounded.
You barely miss Pikel.
Pikel hits you with a +2 whip of freezing.
Pikel freezes you. The lemure closely misses you. You furiously retaliate!
You headbutt the lemure! You hit the lemure. Your headbutt misses the lemure.
The lemure is almost dead.
You hit Pikel. You block Pikel's attack. The lemure hits you.
The lemure hits you but does no damage.
Pikel hits you with a +2 whip of freezing.
Pikel freezes you.
You closely miss Pikel. Your headbutt misses Pikel.
Pikel is lightly wounded.
You completely miss the lemure.
Pikel cracks his whip.
Pikel hits you with a +2 whip of freezing!
Pikel freezes you. The lemure hits you but does no damage.
You barely miss the lemure.
The lemure is almost dead.
You closely miss Pikel. Pikel hits you but does no damage.
The lemure hits you but does no damage.
You barely miss Pikel. Your headbutt misses Pikel.
Pikel is lightly wounded.
You hit the lemure.
You kill the lemure!
That felt strangely unrewarding.
Pikel hits you with a +2 whip of freezing.
Pikel freezes you.
You closely miss Pikel.
Pikel is lightly wounded.
You hit the lemure but do no damage.
Pikel hits you with a +2 whip of freezing.
Pikel freezes you. The lemure hits you but does no damage.
Pikel completely misses you. You block the lemure's attack.
You slash Pikel! Your headbutt misses Pikel.
Pikel is moderately wounded.
You barely miss the lemure.
Pikel hits you with a +2 whip of freezing.
Pikel freezes you. The lemure hits you but does no damage.
You hit Pikel.
Pikel is heavily wounded.
You hit the lemure. You block Pikel's attack.
The lemure hits you but does no damage.
You feel very mighty all of a sudden.
Pikel hits you with a +2 whip of freezing!
Pikel freezes you.
You are too injured to fight recklessly!
You are too injured to fight recklessly!
You are too injured to fight recklessly!
You are too injured to fight recklessly!
You closely miss Pikel. Your headbutt misses Pikel.
Pikel is heavily wounded.
Pikel barely misses you.
You hit Pikel but do no damage. Your headbutt misses Pikel.
Pikel is heavily wounded.
Pikel hits you with a +2 whip of freezing.
You die...
Pikel says, "Another soul for the market."

#.# #.#.#..# #.# #.#
##..#..## #.# #
#.#######..#....# ##.# #
#.........#.#.#)#####...
# .....
#..#.#..#......... # #.
#.#..##....####...
#.###...#..#..# ##.# $
#..#....##....# #.#
....#?.#@########## #..
_....55K.# #.#
....#.#### .# . # .#


You could see Pikel and 2 lemures.

Vanquished Creatures
  A black bear (D:4)
  A crocodile (Sewer)
  A lemure (D:4)
  A brain worm (Sewer)
  2 kobold brigands (Sewer)
  An iguana (D:4)
  Terence (D:3)
  A river rat (Sewer)
  4 adders
  A dart slug (D:1)
  A ribbon worm (D:4)
  2 orcs (D:4)
  A bat (D:1)
  7 endoplasms
  4 giant cockroaches
  9 goblins
  6 hobgoblins
  3 jackals (Sewer)
  A quokka (D:3)
  8 ball pythons
  4 frilled lizards
  11 kobolds
  9 rats
80 creatures vanquished.

Notes
Turn   | Place    | Note
-------+----------+-------------------------------------------
     0 | D:1      | browni3141 the Minotaur Fighter began the quest for the
                  | Orb.
     0 | D:1      | Reached XP level 1. HP: 19/19 MP: 0/0
   146 | D:1      | Reached XP level 2. HP: 27/27 MP: 1/1
   176 | D:1      | Reached skill level 3 in Axes
   720 | D:2      | Found a faded altar of an unknown god.
   969 | D:2      | Identified the +4 short sword "Zoilikhi" {freeze, rN+
                  | Will+}
  1108 | D:2      | Reached XP level 3. HP: 33/33 MP: 2/2
  1144 | D:2      | Found Cupeohor's Book Shoppe.
  1569 | D:3      | Noticed Terence
  1577 | D:3      | Killed Terence
  1838 | D:3      | Reached XP level 4. HP: 37/40 MP: 3/3
  1846 | D:3      | Found a blossoming altar of Fedhas.
  1871 | D:3      | Reached skill level 4 in Axes
  1875 | D:3      | Found a glowing drain.
  1882 | Sewer    | Entered a sewer
  1895 | Sewer    | Noticed a kobold brigand
  1907 | Sewer    | Killed a kobold brigand
  1908 | Sewer    | Reached XP level 5. HP: 34/47 MP: 4/4
  2019 | Sewer    | Reached skill level 5 in Axes
  2097 | Sewer    | Noticed a crocodile
  2114 | Sewer    | Killed a crocodile
  2115 | Sewer    | Reached skill level 5 in Fighting
  2115 | Sewer    | Reached XP level 6. HP: 17/56 MP: 1/5
  2121 | Sewer    | Reached skill level 5 in Armour
  2132 | Sewer    | Reached skill level 5 in Shields
  2989 | D:3      | Found an iron altar of Okawaru.
  2990 | D:3      | Found a hide-covered altar of Uskayaw.
  3368 | D:4      | Reached skill level 6 in Axes
  3448 | D:4      | Found a hazy altar of Hepliaklqana.
  3467 | D:4      | Reached XP level 7. HP: 50/61 MP: 4/6
  3603 | D:4      | Noticed Pikel
  3604 | D:4      | Found a snail-covered altar of Cheibriados.
  3617 | D:4      | HP: 2/61 [Pikel/+2 whip of freezing (3)]
  3619 | D:4      | Slain by Pikel

Illustrated notes

Levels and vault maps discovered:
D:1:      sevenhm_arrival_forest_fort_small_5, layout_basic,
          chequers_serial_rivers_micro_d
D:2:      layout_basic, serial_shops, shop, serial_glass, glass_columns_a,
          glass_columns_a, basic_ecumenical_altar, roderic_nine_men_s_morris,
          eino_tiny_chamber, dk_vineyard_1, item_on_display_a
D:3:      layout_rooms, mainiacjoe_overflow_small_starburst,
          grunt_temple_overflow_open,
          mainiacjoe_sewer_entry_somewhere_in_here_2,
          nicolae_twisty_statue_hallways, uniq_terence
D:4:      layout_loops_corners, tgw_trog, old_standard_altar,
          nicolae_hepliaklqana_hazy_memory, mainiacjoe_overflow_six_doors_small,
          hangedman_abyss_or_decor_slice, nicolae_figureground_pulse, uniq_pikel

Skill      XL: |  1  2  3  4  5  6 |
---------------+-------------------+-----
Axes           | 3 4 5 6 |  6.2
Fighting       | 4 5 |  5.3
Shields        | 4 5 |  5.3
Armour         | 4 5 |  5.4

Action                     |  1- 3 |  4- 6 |  7- 9 || total
---------------------------+-------+-------+-------++-------
  Melee: War axe           |    62 |   137 |    23 ||   222
         Headbutt          |     3 |    16 |     2 ||    21
    Use: Potion            |       |       |     1 ||     1
 Armour: Scale mail        |    36 |    92 |    25 ||   153
  Dodge: Dodged            |    31 |    59 |     9 ||    99
  Block: Buckler           |    15 |    31 |     5 ||    51
